 Dungeon Crawl Stone Soup version 0.27-a0-808-g60bc5d92e6 (webtiles) character file.

Game seed: 1040302984640200359

417 polve the Slasher (level 6, -2/70 HPs)
             Began as a Demonspawn Abyssal Knight on Mar 28, 2021.
             Was a Believer of Lugonu.
             Slain by an ogre
             ... wielding a +0 giant spiked club
              (8 damage)
             ... on level 5 of the Dungeon.
             The game lasted 00:04:35 (5871 turns).

polve the Slasher (Demonspawn Abyssal Knight)       Turns: 5871, Time: 00:04:36

Health: -2/70      AC: 23    Str: 12    XL:     6   Next: 61%
Magic:  18/18      EV:  2    Int: 16    God:    Lugonu [**....]
Gold:   72         SH:  0    Dex: 12    Spells: 3/9 levels left

rFire    . . .     SeeInvis .   (no weapon)
rCold    . . .     Faith    .   (no shield)
rNeg     + + +     Spirit   .   (armour currently unavailable)
rPois    +         Reflect  .   (helmet currently unavailable)
rElec    .         Harm     .   (cloak currently unavailable)
rCorr    .         Rampage  .   (gloves currently unavailable)
Will     .....     NoTele   +   (boots currently unavailable)
Stlth    +.........             (no amulet)
HPRegen  0.21/turn              p - ring of magical power
MPRegen  0.16/turn              (no ring)

@: tree-form
A: stationary, stasis, torment immunity, boosted hp, (talons 1), demonic
guardian 2, foul stench 1
a: Renounce Religion, Depart the Abyss, Bend Space


You were on level 5 of the Dungeon.
You worshipped Lugonu.
Lugonu was pleased with you.
You were a tree.
You visited 1 branch of the dungeon, and saw 5 of its levels.
You visited the Abyss 1 time.

You collected 114 gold pieces.
You spent 42 gold pieces at shops.

Inventory:

Hand Weapons
 a - a +1 falchion
Armour
 b - a +0 leather armour (melded)
Jewellery
 d - a ring of ice
 p - a ring of magical power (left branch)
Scrolls
 f - 3 scrolls of identify {unknown}
 g - 2 scrolls of brand weapon {unknown}
 h - a scroll of magic mapping {unknown}
 l - a scroll of immolation {unknown}
Potions
 c - a potion of magic {unknown}
 e - a potion of ambrosia {unknown}
 i - a potion of brilliance {unknown}
 m - a potion of attraction {unknown}
 n - a potion of flight {unknown}


   Skills:
 - Level 3.0 Fighting
 - Level 4.2 Long Blades
 - Level 1.7 Armour
 - Level 0.8 Dodging
 + Level 2.0 Spellcasting
 * Level 2.3 Conjurations
 * Level 3.4 Hexes
 * Level 0.6 Ice Magic
 - Level 2.4 Invocations


You had 3 spell levels left.
You knew the following spells:

 Your Spells              Type           Power      Damage    Failure   Level
a - Corona                Hex            13%        N/A       5%          1
b - Ensorcelled Hibernat  Hex/Ice        16%        N/A       14%         2
d - Dazzling Flash        Conj/Hex       20%        N/A       19%         3

Your spell library contained the following spells:

 Spells                   Type           Power      Damage    Failure   Level
 Confusing Touch          Hex            12%        N/A       16%         3
 Tukima's Dance           Hex            12%        N/A       16%         3


Dungeon Overview and Level Annotations

Branches:
Dungeon (5/15)
 Temple: D:4-7

Altars:
Dithmenos
Vehumet
Yredelemnul

Shops:
D:1 (   D:2 *   D:4 *

Annotations:
D:5 Blork the orc


Innate Abilities, Weirdness & Mutations

You are a tree.
Your roots penetrate the ground, keeping you stationary.
You cannot be teleported.
You are immune to unholy pain and torment.
Your maximum health is greatly increased.
Your equipment is partially melded.
((You have sharp toenails.))
A demonic guardian rushes to your aid.
You may rarely emit foul miasma when damaged in melee.


Message History

The orc wizard barely misses you. The orc wizard casts a spell at you.
The magic dart hits you!
* * * LOW HITPOINT WARNING * * *
Really quaff the potion of lignification?
You turn into a tree.
Your +0 leather armour melds into your body.
Your roots penetrate the ground.
You are now empty-handed.
The orc barely misses you.
You hit the orc but do no damage.
You smack the orc!
You kill the orc!
Lugonu accepts your kill.
You hit the orc but do no damage. The orc hits you but does no damage.
You hit the orc but do no damage. The orc hits you but does no damage.
You smack the orc!
You kill the orc!
Lugonu accepts your kill.
The jackal bites you but does no damage.
The orc wizard casts a spell at itself.
The orc wizard flickers and vanishes!
Deactivating autopickup; reactivate with Ctrl-A.
You barely miss the jackal.
The jackal bites you but does no damage.
You hit the jackal but do no damage.
The jackal bites you but does no damage. x2
You hit the jackal.
You kill the jackal!
Lugonu accepts your kill.
You hit the ogre.
The ogre is moderately wounded.
The ogre hits you with a +0 giant spiked club!
* * * LOW HITPOINT WARNING * * *
You hit the ogre but do no damage.
The ogre is moderately wounded.
The ogre hits you but does no damage.
You hit the ogre.
The ogre is heavily wounded.
The ogre hits you with a +0 giant spiked club!
You die...

### #♣#####
##O{..#
##o#### #..#
.....# ##.##
....## #oo#
#....####Oh#
.....##.$.#
#.........#


You could see Blork the orc and an ogre.

Vanquished Creatures
  Grinder (D:4)
  3 adders (D:2)
  3 gnolls (D:3)
  An ufetubus (D:3)
  4 dart slugs
  10 orcs
  4 ball pythons
  11 endoplasms
  4 giant cockroaches
  9 goblins
  6 hobgoblins
  10 jackals
  6 kobolds
  6 quokkas
  6 bats
  A frilled lizard (D:3)
  5 rats
90 creatures vanquished.

Vanquished Creatures (collateral kills)
  A phantom (D:4)
  A gnoll (D:3)
  An orc (D:3)
3 creatures vanquished.

Grand Total: 93 creatures vanquished

Notes
Turn   | Place    | Note
-------+----------+-------------------------------------------
     0 | Abyss:1  | polve the Demonspawn Abyssal Knight began the quest for the
                  | Orb.
     0 | Abyss:1  | Reached XP level 1. HP: 18/18 MP: 2/2
    79 | Abyss:1  | Noticed a rust devil
    80 | Abyss:1  | Noticed an iron imp
    87 | D:1      | Escaped the Abyss
   410 | D:1      | Reached skill level 2 in Long Blades
   517 | D:1      | Gained mutation: A weak demonic guardian rushes to your
                  | aid. [demonic ancestry]
   517 | D:1      | Reached XP level 2. HP: 14/24 MP: 3/3
   646 | D:1      | Found Maud's Weapon Boutique.
  1174 | D:1      | Reached skill level 3 in Long Blades
  1267 | D:1      | Reached * piety under Lugonu
  1828 | D:1      | Gained mutation: You have sharp toenails. [demonic
                  | ancestry]
  1828 | D:1      | Reached XP level 3. HP: 27/29 MP: 4/4
  2342 | D:2      | Found Bemun's General Store.
  2753 | D:2      | Gained mutation: You may rarely emit foul miasma when
                  | damaged in melee. [demonic ancestry]
  2753 | D:2      | Reached XP level 4. HP: 34/35 MP: 5/5
  2780 | D:2      | Reached skill level 4 in Long Blades
  3048 | D:2      | Learned a level 1 spell: Corona
  3510 | D:3      | Found a shadowy altar of Dithmenos.
  3523 | D:3      | Reached ** piety under Lugonu
  3819 | D:3      | Reached skill level 1 in Hexes
  4050 | D:3      | Reached XP level 5. HP: 36/41 MP: 6/6
  4223 | D:3      | Reached skill level 1 in Spellcasting
  4441 | D:3      | Found a basalt altar of Yredelemnul.
  4505 | D:3      | Learned a level 2 spell: Ensorcelled Hibernation
  4878 | D:3      | Learned a level 3 spell: Dazzling Flash
  4936 | D:4      | Found a radiant altar of Vehumet.
  4942 | D:4      | Noticed Grinder
  4945 | D:4      | Paralysed by Grinder for 4 turns
  4954 | D:4      | Killed Grinder
  4955 | D:4      | Gained mutation: A demonic guardian rushes to your aid.
                  | [demonic ancestry]
  4955 | D:4      | Reached XP level 6. HP: 16/47 MP: 6/8
  5391 | D:4      | Found Akhlaats's General Store.
  5396 | D:4      | Bought a potion of lignification for 42 gold pieces
  5789 | D:4      | Found Ifaruihe's Weapon Shop.
  5847 | D:5      | Entered Level 5 of the Dungeon
  5851 | D:5      | Noticed Blork the orc
  5871 | D:5      | Slain by an ogre

Illustrated notes

Levels and vault maps discovered:
D:1:      tarquinn_simple_flora_water_a, layout_loops_cross, serial_shops,
          shop_statue
D:2:      minmay_chambers_of_ones, layout_rooms, serial_shops, shop_statue
D:3:      minmay_angry_zag, layout_loops_corners, yredelemnul_altar_generic,
          nicolae_dithmenos_shadow_blocks
D:4:      layout_loops_corners, nicolae_vehumet_radiance, serial_shops,
          nicolae_shop_waterfront, nicolae_shop_waterfront,
          kennysheep_little_box, saegor_snake_ambush, uniq_grinder
D:5:      minmay_skewed_foursquare, layout_layer_cave, temple_fountains,
          biasface_ghost_orc_armoury, uniq_blork_the_orc

Skill      XL: |  1  2  3  4  5  6 |
---------------+-------------------+-----
Long Blades    | 2 3 4 |  4.2
Hexes          | 1 3 |  3.4
Spellcasting   | 1 2 |  2.0
Conjurations   | 2 |  2.3
Fighting       | |  3.0
Armour         | |  1.7
Dodging        | |  0.8
Ice Magic      | |  0.6
Invocations    | |  2.4

Action                   |  1- 3 |  4- 6 || total
-------------------------+-------+-------++-------
Melee: Falchion          |   118 |   113 ||   231
       Kick              |    10 |    24 ||    34
       Unarmed           |       |    11 ||    11
Invok: Depart the Abyss  |     1 |       ||     1
       Bend Space        |       |     1 ||     1
  Use: Potion            |       |     7 ||     7
 Stab: Distracted        |       |     2 ||     2
Armor: Leather armour    |    27 |    29 ||    56
       Skin              |       |     7 ||     7
Dodge: Dodged            |    64 |    70 ||   134
       Rpst.: Falchion   |    15 |    16 ||    31

Table legend: (Time is in decaauts)
 A = Elapsed time spent in this place.
 B = Non-inter-level travel time spent in this place.
 C = Inter-level travel time spent in this place.
 D = Time resting spent in this place.
 E = Time spent auto-exploring this place.
 F = Levels seen in this place.
 G = Mean time per level.
                   A        B        C        D        E       F      G
               +--------+--------+--------+--------+--------+-----+--------+
         Total |   5910 |   5810 |    100 |      0 |   5239 |   6 |  985.0 |
       Dungeon |   5822 |   5722 |    100 |      0 |   5161 |   5 | 1164.4 |
         Abyss |     87 |     87 |      0 |      0 |     78 |   1 |   87.0 |
               +--------+--------+--------+--------+--------+-----+--------+

Top non-repeatable levels by time:
     D:1: 2109 daAuts
     D:2: 1466 daAuts
     D:3: 1279 daAuts
     D:4: 943 daAuts
 Abyss:1: 87 daAuts
     D:5: 23 daAuts
